 Dungeon Sprint DCSS version 0.27-a0-1278-g6cbc8dfb29 (webtiles) character file.

Game seed: 14429356356534506632

38250 mhtbhm the Cutthroat (level 14, -2/110 HPs)
             Began as a Kobold Berserker on June 12, 2021.
             Was a High Priest of Trog.
             Slain by an iron dragon (14 damage)
             ... in the Dungeon (Sprint IX: "|||||||||||||||||||||||||||||").
             The game lasted 00:12:33 (7652 turns).

mhtbhm the Cutthroat (Kobold Berserker)             Turns: 7652, Time: 00:12:33

Health: -2/110     AC: 27    Str: 21    XL:     14   Next: 33%
Magic:  4/4        EV: 19    Int: 12    God:    Trog [*****.]
Gold:   1261       SH:  0    Dex: 18    Spells: 13/13 levels left

rFire    . . .     SeeInvis .   a - +3 quick blade (antimagic)
rCold    . . .     Faith    .   (shield restricted)
rNeg     . . .     Spirit   .   b - +4 chain mail {rPois}
rPois    +         Reflect  .   e - +2 helmet {Int+3}
rElec    .         Harm     .   l - +0 cloak
rCorr    .         Rampage  .   C - +1 pair of gloves
Will     +++..     NoTele   +   B - +1 pair of boots
Stlth    +.........             (no amulet)
HPRegen  1.28/turn              m - +3 ring of strength
MPRegen  0.09/turn              n - +3 ring of dexterity

@: strong-willed, on berserk cooldown, regenerating, slowed, very slow
A: small, no large weapons, nightstalker 3
a: Renounce Religion, Berserk, Trog's Hand, Brothers in Arms


You were in the Dungeon.
You worshipped Trog.
Trog was extremely pleased with you.
You visited 1 branch You collected 1907 gold pieces.
You spent 646 gold pieces at shops.

Inventory:

Hand Weapons
 a - a +3 antimagic quick blade (weapon)
Missiles
 y - 4 throwing nets
Armour
 b - a +4 chain mail of poison resistance (worn)
 e - a +2 helmet of intelligence (worn)
 l - a +0 cloak (worn)
 B - a +1 pair of boots (worn)
 C - a +1 pair of gloves (worn)
Jewellery
 m - a +3 ring of strength (left hand)
 n - a +3 ring of dexterity (right hand)
 A - a ring of willpower
Wands
 j - a wand of iceblast (6)
Scrolls
 h - 3 scrolls of blinking
 q - 5 scrolls of identify
 r - 2 scrolls of enchant weapon
 s - 5 scrolls of enchant armour
 t - 2 scrolls of silence
 w - a scroll of magic mapping
 x - 5 scrolls of fear
 D - 2 scrolls of fog
Potions
 c - a potion of curing
 d - 4 potions of heal wounds
 f - 4 potions of magic
 g - 3 potions of berserk rage
 i - a potion of invisibility
 o - 3 potions of might


   Skills:
 + Level 21.5 Fighting
 + Level 25.2 Short Blades
 + Level 14.5 Armour
 + Level 14.5 Dodging
 + Level 6.4 Stealth
 + Level 4.0 Evocations


You had 13 spell levels left.
You didn't know any spells.
Your spell library was empty.

Dungeon Overview and Level Annotations

Branches:
Dungeon (1/1)

Altars:
Cheibriados
Dithmenos
Elyvilon
Fedhas
Gozag
Hepliaklqana
Kikubaaqudgha
Makhleb
Nemelex Xobeh
Okawaru
Qazlal
Ru
Sif Muna
Trog
Uskayaw
Vehumet
Wu Jian
Xom
Yredelemnul
Zin
The Shining One
Beogh
Jiyva
Lugonu

Shops:
D (?::


Innate Abilities, Weirdness & Mutations

You are small and have problems with some larger weapons.
You are completely attuned to the shadows.


Message History

The spriggan berserker utters an invocation to Trog.
The spriggan berserker goes berserk!
Unknown command.
You closely miss the iron dragon.
The iron dragon is almost dead.
The iron dragon barely misses you.
The iron dragon claws you but does no damage.
The iron dragon tramples you.
* * * LOW HITPOINT WARNING * * *
You stumble backwards!
Unknown command.
You hit the iron dragon but do no damage.
The iron dragon is almost dead.
You hit the iron dragon but do no damage.
The iron dragon is almost dead.
Unknown command.
You hit the iron dragon.
The iron dragon is almost dead.
The spriggan berserker rages.
The iron dragon completely misses you. The iron dragon claws you!
* * * LOW HITPOINT WARNING * * *
The iron dragon tramples you but does no damage.
You completely miss the iron dragon.
The iron dragon is almost dead.
Your chain mail prevents you from hitting the iron dragon.
The iron dragon is almost dead.
An ettin comes into view. It is wielding two +0 dire flails.
The iron dragon breathes metal splinters at you.
The spray of metal splinters hits you but does no damage.
Unknown command.
Unknown command.
You hit the iron dragon but do no damage.
The iron dragon is almost dead.
You puncture the iron dragon!
The iron dragon is almost dead.
Unknown command.
You hit the iron dragon but do no damage.
The iron dragon is almost dead.
The iron dragon misses you. The iron dragon claws you!
You die...

▓▓▓▓▓▓▓▓▓▓▓▓▓▓▓▓▓▓▓▓▓▓▓▓
i...)CiGD@.............▓
▓▓▓▓▓▓▓▓▓▓▓▓▓▓▓▓▓▓▓▓▓▓▓▓▓▓▓▓▓.▓
..............................▓
▓▓▓▓▓▓▓▓▓▓▓▓▓▓▓▓▓▓▓▓▓▓▓▓▓▓▓▓▓▓▓
○.))').....).[+...............▓
▓▓▓▓▓▓▓▓▓▓▓▓▓▓▓▓▓▓▓▓▓▓▓▓▓▓▓▓▓.▓
.D...D........................▓
▓▓▓▓▓▓▓▓▓▓▓▓▓▓▓▓▓▓▓▓▓▓▓▓▓▓▓▓▓▓▓
.[[[[[.)))))))).=...'......)..▓


You could see an iron dragon (catching breath), an ettin, a glowing orange brain
and a spriggan berserker (berserk, regenerating, strong-willed).

Vanquished Creatures
  Rupert (D)
  A stone giant (D)
  A vampire knight (D)
  2 ettins (D)
  An eleionoma (D)
  Erolcha (D)
  An ice dragon (D)
  3 hydras (D)
  Harold (D)
  A merfolk avatar (D)
  An alligator snapping turtle (D)
  A merfolk aquamancer (D)
  An alligator (D)
  A tengu warrior (D)
  A deep troll shaman (D)
  3 orc high priests (D)
  Urug (D)
  A goliath frog (D)
  A naga ritualist (D)
  A glowing orange brain (D)
  A swamp dragon (D)
  A harpy (D)
  2 orc knights (D)
  2 wolf spiders (D)
  2 orc sorcerers (D)
  An orb spider (D)
  A manticore (D)
  2 ugly things (D)
  2 black mambas (D)
  8 elephants (D)
  A gargoyle (D)
  2 naga magi (D)
  6 cane toads (D)
  A yaktaur (D)
  3 komodo dragons (D)
  2 meliai (D)
  A tyrant leech (D)
  A merfolk (D)
  A blink frog (D)
  A slime creature (D)
  A water elemental (D)
  3 redbacks (D)
  A shadow (D)
  2 yaks (D)
  A wyvern (D)
  A basilisk (D)
  2 vampire mosquitoes (D)
  A naga (D)
  7 orc warriors (D)
  A sky beast (D)
  A bullfrog (D)
  A howler monkey (D)
  2 orc priests (D)
  2 iguanas (D)
  An orc wizard (D)
  An adder (D)
  2 adder zombies (D)
  10 orcs (D)
  A bat (D)
  A giant cockroach (D)
  A hobgoblin (D)
  A kobold (D)
  A quokka (D)
111 creatures vanquished.

Vanquished Creatures (collateral kills)
  A fire giant (D)
  A merfolk impaler (D)
  2 tengu warriors (D)
  2 orc knights (D)
  A will-o-the-wisp (D)
  An ugly thing (D)
  A naga mage (D)
  2 black mambas (D)
  A cane toad (D)
  A demonic crawler (D)
  A jumping spider (D)
  A blink frog (D)
  A snapping turtle (D)
  A black bear (shapeshifter) (D)
  6 orc warriors (D)
  A centaur (D)
  A bullfrog (D)
  An orc priest (D)
  3 orc wizards (D)
  An orc (D)
30 creatures vanquished.

Vanquished Creatures (others)
  A foxfire (D)
1 creature vanquished.

Grand Total: 142 creatures vanquished

Notes
Turn   | Place    | Note
-------+----------+-------------------------------------------
     0 | D        | mhtbhm the Kobold Berserker began the quest for the Orb.
     0 | D        | Reached XP level 1. HP: 14/14 MP: 1/1
    13 | D        | Reached ** piety under Trog
    18 | D        | Reached skill level 5 in Short Blades
    20 | D        | Reached XP level 2. HP: 20/20 MP: 2/2
    93 | D        | Noticed a sky beast
    97 | D        | Reached skill level 5 in Fighting
    97 | D        | Reached skill level 6 in Short Blades
    97 | D        | Reached XP level 3. HP: 26/26 MP: 3/3
   249 | D        | Killed a sky beast
   249 | D        | Reached *** piety under Trog
   250 | D        | Reached skill level 9 in Short Blades
   250 | D        | Reached XP level 4. HP: 32/32 MP: 4/4
   250 | D        | Reached XP level 5. HP: 37/37 MP: 5/5
   850 | D        | Found a snail-covered altar of Cheibriados.
   850 | D        | Found a shadowy altar of Dithmenos.
   851 | D        | Found a white marble altar of Elyvilon.
   852 | D        | Found a blossoming altar of Fedhas.
   853 | D        | Found an opulent altar of Gozag.
   854 | D        | Found a hazy altar of Hepliaklqana.
   855 | D        | Found a viscous altar of Jiyva.
   856 | D        | Found an ancient bone altar of Kikubaaqudgha.
   857 | D        | Found a corrupted altar of Lugonu.
   858 | D        | Found a burning altar of Makhleb.
   859 | D        | Found a sparkling altar of Nemelex Xobeh.
   860 | D        | Found an iron altar of Okawaru.
   861 | D        | Found a stormy altar of Qazlal.
   862 | D        | Found a sacrificial altar of Ru.
   863 | D        | Found a shimmering blue altar of Sif Muna.
   864 | D        | Found a bloodstained altar of Trog.
   865 | D        | Found a hide-covered altar of Uskayaw.
   866 | D        | Found a radiant altar of Vehumet.
   867 | D        | Found an ornate altar of the Wu Jian Council.
   868 | D        | Found a shimmering altar of Xom.
   869 | D        | Found a basalt altar of Yredelemnul.
   870 | D        | Found a glowing silver altar of Zin.
   871 | D        | Found a glowing golden altar of the Shining One.
   931 | D        | Noticed a wyvern
   931 | D        | Noticed a yak
   934 | D        | Noticed a yak
   937 | D        | Killed a yak
   937 | D        | Reached **** piety under Trog
   938 | D        | Reached skill level 11 in Short Blades
   938 | D        | Reached skill level 5 in Dodging
   938 | D        | Reached XP level 6. HP: 46/46 MP: 6/6
   941 | D        | Killed a wyvern
   942 | D        | Reached skill level 12 in Short Blades
   942 | D        | Reached XP level 7. HP: 52/52 MP: 7/7
   945 | D        | Reached skill level 10 in Fighting
   945 | D        | Reached skill level 13 in Short Blades
  1088 | D        | Killed a yak
  1088 | D        | Reached ***** piety under Trog
  1097 | D        | Received a gift from Trog
  1216 | D        | Noticed a gargoyle
  1216 | D        | Noticed a white ugly thing
  1216 | D        | Noticed a vampire mosquito
  1220 | D        | Killed a vampire mosquito
  1220 | D        | Noticed a cyan ugly thing
  1221 | D        | Reached skill level 14 in Short Blades
  1221 | D        | Reached XP level 8. HP: 60/60 MP: 2/8
  1227 | D        | Killed a white ugly thing
  1228 | D        | Reached skill level 15 in Short Blades
  1228 | D        | Reached skill level 1 in Stealth
  1228 | D        | Noticed a shadow
  1238 | D        | Killed a cyan ugly thing
  1239 | D        | Reached skill level 16 in Short Blades
  1239 | D        | Reached XP level 9. HP: 59/66 MP: 3/9
  1243 | D        | Killed a gargoyle
  1244 | D        | Reached skill level 17 in Short Blades
  1244 | D        | Reached skill level 5 in Armour
  1588 | D        | Noticed a seven-headed hydra
  1588 | D        | Noticed a komodo dragon
  1589 | D        | Noticed a cane toad
  1596 | D        | Killed a komodo dragon
  1602 | D        | Killed a seven-headed hydra
  1602 | D        | Identified the +7 short sword of Jocowur {flame, *Rage
                  | rElec rC- Str+9} (Trog gifted it to you in the Dungeon)
  1602 | D        | Received a gift from Trog
  1603 | D        | Reached skill level 18 in Short Blades
  1603 | D        | Reached XP level 10. HP: 75/75 MP: 3/10
  1608 | D        | Killed a cane toad
  1609 | D        | Reached skill level 19 in Short Blades
  1609 | D        | Noticed a cane toad
  1764 | D        | Noticed a cane toad
  1766 | D        | Noticed a five-headed hydra
  1772 | D        | Killed a cane toad
  1782 | D        | Killed a five-headed hydra
  1783 | D        | Reached skill level 15 in Fighting
  1783 | D        | Reached skill level 20 in Short Blades
  1783 | D        | Killed a cane toad
  1783 | D        | Reached ****** piety under Trog
  1783 | D        | Received a gift from Trog
  2024 | D        | Noticed a cane toad
  2024 | D        | Noticed a cane toad
  2024 | D        | Noticed a komodo dragon
  2026 | D        | Noticed a cane toad
  2029 | D        | Killed a komodo dragon
  2032 | D        | Killed a cane toad
  2033 | D        | Reached skill level 10 in Dodging
  2033 | D        | Reached XP level 11. HP: 82/82 MP: 11/11
  2043 | D        | Noticed a four-headed hydra
  2054 | D        | Killed a four-headed hydra
  2055 | D        | Reached skill level 21 in Short Blades
  2064 | D        | Received a gift from Trog
  2546 | D        | Noticed an elephant
  2546 | D        | Noticed an elephant
  2546 | D        | Noticed an elephant
  2551 | D        | Killed an elephant
  2552 | D        | Noticed an elephant
  2555 | D        | Killed an elephant
  2556 | D        | Noticed an elephant
  2562 | D        | Killed an elephant
  2566 | D        | Killed an elephant
  2567 | D        | Noticed an elephant
  2573 | D        | Killed an elephant
  2573 | D        | Received a gift from Trog
  2574 | D        | Noticed an elephant
  2576 | D        | Noticed an elephant
  2579 | D        | Killed an elephant
  2583 | D        | Killed an elephant
  2589 | D        | Killed an elephant
  2684 | D        | Noticed Urug
  2688 | D        | Killed Urug
  2689 | D        | Reached skill level 22 in Short Blades
  2734 | D        | Received a gift from Trog
  2739 | D        | Noticed an orc knight
  2747 | D        | Killed an orc knight
  2748 | D        | Reached XP level 12. HP: 78/91 MP: 4/12
  2753 | D        | Received a gift from Trog
  3309 | D        | Noticed an orc high priest
  3319 | D        | Killed an orc high priest
  3319 | D        | Received a gift from Trog
  3320 | D        | Noticed an orc high priest
  3322 | D        | Found Eghirhia's Book Boutique.
  3327 | D        | Found Nouvenonte's Book Shop.
  3328 | D        | Noticed a sun demon
  3347 | D        | Killed an orc high priest
  3348 | D        | Reached skill level 5 in Stealth
  3358 | D        | Noticed a sixfirhy
  3366 | D        | Found Dopyxt's Magic Scroll Boutique.
  3380 | D        | Received a gift from Trog
  3518 | D        | Found Ryggibeq's Weapon Shop.
  3522 | D        | Noticed an orc high priest
  3531 | D        | Noticed a soul eater
  3532 | D        | Noticed a soul eater
  3554 | D        | Killed an orc high priest
  3763 | D        | Bought a scroll of magic mapping for 45 gold pieces
  3763 | D        | Bought a scroll of fear for 45 gold pieces
  3763 | D        | Bought a scroll of enchant armour for 97 gold pieces
  3763 | D        | Bought a scroll of fear for 45 gold pieces
  3763 | D        | Bought a scroll of enchant armour for 97 gold pieces
  3763 | D        | Bought a scroll of fear for 45 gold pieces
  3763 | D        | Bought a scroll of enchant armour for 97 gold pieces
  3763 | D        | Bought a scroll of silence for 97 gold pieces
  3763 | D        | Bought a scroll of identify for 26 gold pieces
  3763 | D        | Bought a scroll of identify for 26 gold pieces
  3763 | D        | Bought a scroll of identify for 26 gold pieces
  3807 | D        | Noticed Erolcha
  3823 | D        | Killed Erolcha
  3824 | D        | Reached skill level 23 in Short Blades
  3981 | D        | Noticed Harold
  4017 | D        | HP: 2/139 [Harold (13)]
  4021 | D        | Killed Harold
  4021 | D        | Received a gift from Trog
  4516 | D        | Reached skill level 10 in Armour
  4520 | D        | Noticed a tengu warrior
  4527 | D        | Noticed a tengu warrior
  4532 | D        | Killed a tengu warrior
  4552 | D        | Killed a tengu warrior
  4557 | D        | Received a gift from Trog
  4590 | D        | Noticed an ettin
  4670 | D        | Killed an ettin
  4671 | D        | Reached XP level 13. HP: 100/100 MP: 4/13
  4892 | D        | Noticed an ice dragon
  4905 | D        | Noticed a stone giant
  4915 | D        | Noticed an ettin
  4920 | D        | Killed an ice dragon
  4944 | D        | Killed a stone giant
  4951 | D        | Killed an ettin
  5188 | D        | Noticed Rupert
  5210 | D        | Killed Rupert
  5210 | D        | Received a gift from Trog
  5211 | D        | Reached skill level 24 in Short Blades
  5211 | D        | Reached skill level 1 in Evocations
  5344 | D        | Received a gift from Trog
  5846 | D        | Received a gift from Trog
  6149 | D        | Noticed an alligator snapping turtle
  6149 | D        | Noticed a merfolk avatar
  6152 | D        | Noticed a merfolk impaler
  6175 | D        | Killed a merfolk avatar
  6175 | D        | Received a gift from Trog
  6527 | D        | Killed an alligator snapping turtle
  6538 | D        | Killed a merfolk impaler
  6539 | D        | Reached XP level 14. HP: 27/108 MP: 4/14
  6565 | D        | Received a gift from Trog
  6897 | D        | Reached skill level 25 in Short Blades
  6962 | D        | Acquired a +2 helmet of intelligence
  7584 | D        | Noticed a fire giant
  7584 | D        | Noticed a vampire knight
  7595 | D        | Noticed an iron dragon
  7610 | D        | Killed a vampire knight
  7638 | D        | Killed a fire giant
  7652 | D        | Slain by an iron dragon

Illustrated notes

Levels and vault maps discovered:
D:        linesprint [early_d, line_temple, items_1, d_10, items_2, lair_1,
          lair_end, items_3, orc_1, orc_end, items_4, d_15, swamp_1, shoals_1,
          snake_1, spider_1, d_20, vaults_1, items_5, swamp_end, shoals_end,
          snake_end, spider_end, vaults_end, d_27, items_6, zot_1, zot_end,
          crypt_end, forest_end, elf_end, slime_end, tomb_end, abyss_end,
          pan_hell_end]

Skill      XL: |  1  2  3  4  5  6  7  8  9 10 11 12 13 14 |
---------------+-------------------------------------------+-----
Fighting       | 4 5 6 9 11 12 14 15 17 19 20 21 | 21.5
Short Blades   | 5 6 9 11 12 14 16 18 20 22 23 24 25 | 25.2
Armour         | 2 3 4 5 6 8 10 13 14 | 14.5
Dodging        | 3 4 5 6 7 8 10 12 13 14 | 14.5
Stealth        | 1 2 4 6 |  6.4
Evocations     | 2 4 |  4.0

Action                   |  1- 3 |  4- 6 |  7- 9 | 10-12 | 13-15 || total
-------------------------+-------+-------+-------+-------+-------++-------
Melee: Short sword       |    18 |    15 |       |    88 |       ||   121
       Rapier            |       |     9 |    58 |     7 |       ||    74
       Quick blade       |       |       |       |   312 |   381 ||   693
Invok: Berserk           |     3 |     1 |     3 |    11 |    10 ||    28
       Brothers in Arms  |       |       |       |     6 |     7 ||    13
       Trog's Hand       |       |       |       |       |     1 ||     1
Evoke: Wand              |       |       |       |     1 |     8 ||     9
  Use: Potion            |       |       |     1 |     3 |     6 ||    10
       Scroll            |       |       |       |       |     2 ||     2
 Stab: Sleeping          |       |       |       |     1 |       ||     1
Armor: Animal skin       |     1 |       |       |       |       ||     1
       Ring mail         |       |       |     5 |    25 |       ||    30
       Chain mail        |       |       |       |    31 |   105 ||   136
Dodge: Dodged            |     9 |     8 |    23 |   121 |   170 ||   331

Table legend: (Time is in decaauts)
 A = Elapsed time spent in this place.
 B = Non-inter-level travel time spent in this place.
 C = Inter-level travel time spent in this place.
 D = Time resting spent in this place.
 E = Time spent auto-exploring this place.
 F = Levels seen in this place.
 G = Mean time per level.
                   A        B        C        D        E       F      G
               +--------+--------+--------+--------+--------+-----+--------+
         Total |   7305 |   7305 |      0 |   5256 |    618 |   1 | 7305.0 |
       Dungeon |   7305 |   7305 |      0 |   5256 |    618 |   1 | 7305.0 |
               +--------+--------+--------+--------+--------+-----+--------+

Top non-repeatable levels by time:
       D: 7305 daAuts
